 Dungeon Crawl Stone Soup version 0.25-a0-42-g6c54e25894 (webtiles) character file.

Game seed: 12135327014868182863, levelgen mode: deterministic

20 Gumption the Grave Robber (level 3, 0/24 HPs)
             Began as a Human Necromancer on Oct 22, 2019.
             Slain by a jackal (2 damage)
             ... on level 1 of the Dungeon.
             The game lasted 00:11:09 (861 turns).

Gumption the Grave Robber (Human Necromancer)        Turns: 861, Time: 00:11:09

Health: 0/24       AC:  3    Str:  8    XL:     3   Next: 0%
Magic:  0/6        EV: 12    Int: 16    God:
Gold:   49         SH:  0    Dex: 13    Spells: 4/6 levels left

rFire    . . .     SeeInvis .   a - +0 short sword
rCold    . . .     Gourm    .   (no shield)
rNeg     . . .     Faith    .   h - +0 leather armour
rPois    .         Spirit   .   (no helmet)
rElec    .         Reflect  .   (no cloak)
rCorr    .         Harm     .   (no gloves)
MR       .....                  (no boots)
Stlth    ++........             (no amulet)
HPRegen  0.08/turn              (no ring)
MPRegen  0.10/turn              (no ring)

@: flying, very slightly contaminated
A: no striking features
a: no special abilities


You were on level 1 of the Dungeon.
You were hungry.

You visited 1 branch of the dungeon, and saw 1 of its levels.

You collected 49 gold pieces.

Inventory:

Hand Weapons
 a - a +0 short sword (weapon)
Missiles
 b - 23 sling bullets
 g - 45 stones (quivered)
Armour
 h - a +0 leather armour (worn)
Scrolls
 c - a scroll of teleportation {unknown}
Potions
 d - a potion of flight
 i - a potion of might {unknown}
Comestibles
 e - 2 rations
 f - a chunk of flesh


   Skills:
 - Level 2.0 Dodging
 - Level 2.0 Stealth
 + Level 2.3 Spellcasting
 * Level 4.5 Necromancy


You had 4 spell levels left.
You knew the following spells:

 Your Spells              Type           Power        Failure   Level  Hunger
a - Pain                  Necr           ###.         4%          1    #......
b - Animate Skeleton      Necr           N/A          4%          1    #......

Your spell library contained the following spells:

 Spells                   Type           Power        Failure   Level  Hunger
 Vampiric Draining        Necr           ###.......   14%         3    ###....
 Regeneration             Chrm/Necr      #.........   34%         3    ###....
 Animate Dead             Necr           N/A          41%         4    #####..


Dungeon Overview and Level Annotations

Branches:
Dungeon (1/15)

Altars:


Message History

The jackal is moderately wounded.
Your bat skeleton closely misses the jackal.
Your bat skeleton hits the jackal but does no damage.
Your bat skeleton barely misses the jackal.
The jackal misses you.
You hit the jackal.
The jackal is severely wounded.
You are feeling hungry.
Your bat skeleton closely misses the jackal.
Your bat skeleton hits the jackal but does no damage.
The jackal closely misses you.
Your bat skeleton barely misses the jackal.
The jackal closely misses you.
You barely miss the jackal.
The jackal is severely wounded.
Your bat skeleton misses the jackal.
Your bat skeleton closely misses the jackal.
Your bat skeleton hits the jackal but does no damage.
The jackal bites you.
You die...

................[............).>.
###.......######.####...##.....##
#........#####'####...##.....#
#........#.......##...##.....#
#........#.......#######.....#
###................# #######
..#########.####.### #.# #..# #.#
#.# ##.# #@# ..# #..##h#######
### ##.##h......# #...Z......#
#..........# #.....?....#
#..........# #....†((.).#
##......####


You could see 2 jackals and a friendly bat skeleton.

Vanquished Creatures
  A dart slug (D:1)
  2 jackals (D:1)
  3 kobolds (D:1)
  2 bats (D:1)
  A goblin (D:1)
  3 rats (D:1)
12 creatures vanquished.

Vanquished Creatures (collateral kills)
  An ooze (D:1)
  A leopard gecko (D:1)
  A bat (D:1)
  A rat (D:1)
4 creatures vanquished.

Grand Total: 16 creatures vanquished

Notes
Turn   | Place    | Note
-------+----------+-------------------------------------------
     0 | D:1      | Gumption the Human Necromancer began the quest for the Orb.
     0 | D:1      | Reached XP level 1. HP: 13/13 MP: 3/3
     3 | D:1      | Learned a level 1 spell: Animate Skeleton
   226 | D:1      | Reached XP level 2. HP: 12/19 MP: 0/5
   855 | D:1      | Reached XP level 3. HP: 4/24 MP: 0/6
   861 | D:1      | Slain by a jackal

Levels and vault maps discovered:
D:1:      zaba_arrival_water, layout_basic

Action                   || total
-------------------------++-------
Melee: Mace              ||    15
       Short sword       ||    15
Throw: Stone             ||     2
 Cast: Pain              ||    24
       Animate Skeleton  ||     5
  Use: Potion            ||     1
Armor: Robe              ||     2
       Leather armour    ||    16
Dodge: Dodged            ||    34

Table legend:
 A = Non-vault XP
 B = Vault XP
 C = Vault XP percentage of total XP
 D = Non-vault monster count
 E = Vault monster count
 F = Vault count percentage of total count
                 A         B        C        D         E       F
            +---------+---------+-------+---------+---------+-------
      Total |      29 |       0 |   0.0 |      16 |       0 |   0.0
            +---------+---------+-------+---------+---------+-------
        D:1 |      29 |       0 |   0.0 |      16 |       0 |   0.0
            +---------+---------+-------+---------+---------+-------
